 Dungeon Crawl Stone Soup version 0.31-a0-986-g5e6e4ef867 (webtiles) character file.

Game seed: 13319288354226844986

4812 Ekaitz the Firebug (level 10, 0/68 (73) HPs)
             Began as a Demonspawn Fire Elementalist on Nov 13, 2023.
             Was a Priest of Sif Muna.
             Slain by a soul eater (1 damage)
             ... summoned by a kobold demonologist
             ... in a bailey on Nov 14, 2023.
             The game lasted 00:20:55 (8823 turns).

Ekaitz the Firebug (Demonspawn Fire Elementalist)   Turns: 8823, Time: 00:20:55

HP:   0/68 (73)     AC: 13    Str:  9    XL:     10   Next: 24%
MP:   11/27         EV: 13    Int: 19    God:    Sif Muna [***...]
Gold: 473           SH:  6    Dex: 15    Spells: 7/20 levels left

rFire   + . .        f - +0 dagger (drain)
rCold   . . .        (no shield)
rNeg    + . .        a - +0 robe
rPois   .            (no helmet)
rElec   .            M - +2 cloak
rCorr   .            D - +0 pair of gloves
SInv    .            c - +2 pair of boots
Will    .....        J - amulet "Qoew" {Acrobat rF+ rN+}
Stlth   ++           q - +4 ring of protection
HPRegen 0.31/turn    R - ring of magical power
MPRegen 0.20/turn

%: acrobat
@: channelling, drained
A: large bone plates 2, demonic guardian 1, powered by death 2, demonic touch 2
a: Renounce Religion, Channel Magic, Forget Spell


You were in a bailey.
You worshipped Sif Muna.
Sif Muna was most pleased with you.
You visited 1 branch of the dungeon, and saw 8 of its levels.
You also visited: Sewer and Bailey.

You collected 505 gold pieces.
You spent 32 gold pieces at shops.

Inventory:

Hand Weapons
 f - a +0 dagger of draining (weapon)
 i - a +0 broad axe
 I - a +2 arbalest of draining
 P - a +4 flail of freezing
Missiles
 x - a throwing net
 y - 5 poisoned darts
Armour
 a - a +0 robe (worn)
 c - a +2 pair of boots (worn)
 D - a +0 pair of gloves (worn)
 M - a +2 cloak (worn)
Jewellery
 q - a +4 ring of protection (left hand)
 E - a ring of protection from fire
 J - the amulet "Qoew" (around neck) {Acrobat rF+ rN+}
   (You found it on level 6 of the Dungeon)

   [amulet of the acrobat]

   Acrobat:   It increases your evasion while moving and waiting.
   rF+:       It protects you from fire.
   rN+:       It protects you from negative energy.
 R - a ring of magical power (right hand)
 S - a ring of poison resistance
 T - a +5 ring of evasion
Wands
 s - a wand of flame (3)
 H - a wand of digging (3)
Scrolls
 e - 10 scrolls of identify
 g - 4 scrolls of blinking {unknown}
 h - 3 scrolls of acquirement
 j - a scroll of teleportation {unknown}
 l - 2 scrolls of immolation {unknown}
 m - 2 scrolls of amnesia {unknown}
 o - a scroll of butterflies {unknown}
 p - 2 scrolls of fear {unknown}
 r - a scroll of vulnerability {unknown}
 v - 3 scrolls of noise {unknown}
 G - a scroll of enchant weapon {unknown}
 L - a scroll of enchant armour {unknown}
 N - a scroll of revelation {unknown}
Potions
 b - a potion of magic
 d - 3 potions of curing {unknown}
 k - 2 potions of heal wounds {unknown}
 n - 4 potions of haste {unknown}
 u - a potion of enlightenment {unknown}
 w - 2 potions of mutation {unknown}
 z - 2 potions of resistance {unknown}
 A - 2 potions of degeneration {unknown}
 C - a potion of ambrosia {unknown}
 K - 3 potions of lignification {unknown}


   Skills:
 * Level 4.9 Fighting
 + Level 1.3 Short Blades
 + Level 3.3 Dodging
 + Level 3.0 Stealth
 + Level 1.7 Shields
 + Level 5.7 Spellcasting
 + Level 3.7 Conjurations
 * Level 4.9 Hexes
 * Level 4.3 Translocations
 * Level 7.7 Fire Magic
 * Level 4.9 Invocations


You had 7 spell levels left.
You knew the following spells:

 Your Spells              Type           Power      Damage    Failure   Level
a - Foxfire               Conj/Fire      100%       2x1d9     1%          1
b - Scorch                Fire           68%        2d7       1%          2
c - Volatile Blastmotes   Fire/Tloc      56%        2d14      3%          3
d - Flame Wave            Conj/Fire      27%        2d9       11%         4
i - Inner Flame           Hex/Fire       29%        N/A       2%          3

Your spell library contained the following spells:

 Spells                   Type           Power      Damage    Failure   Level
 Magic Dart               Conj           76%        1d6       2%          1
 Searing Ray              Conj           38%        2d5       3%          2
 Sigil of Binding         Hex            24%        N/A       4%          3
 Ensorcelled Hibernation  Hex/Ice        28%        N/A       6%          2
 Dazzling Flash           Conj/Hex       42%        N/A       6%          3
 Call Imp                 Summ           10%        N/A       17%         2
 Passwall                 Tmut/Erth      4%         N/A       17%         2
 Dimensional Bullseye     Hex/Tloc       11%        N/A       17%         4
 Fulminant Prism          Conj/Hex       10%        3d9       19%         4
 Mephitic Cloud           Conj/Pois/Air  10%        N/A       21%         3
 Call Canine Familiar     Summ           5%         N/A       34%         3
 Swiftness                Air            5%         N/A       34%         3
 Leda's Liquefaction      Hex/Erth       7%         N/A       38%         4
 Silence                  Hex/Air        7%         N/A       75%         5
 Agony                    Necr           5%         N/A       97%         5


Dungeon Overview and Level Annotations

Branches:
Dungeon (8/15)             Temple (0/1) D:6           Sewer (visited)
 Bailey (1/1)
   Lair: D:8-11

Altars:
Cheibriados
Nemelex Xobeh
Okawaru
Ru
Sif Muna
Trog
Wu Jian
Yredelemnul

Shops:
D:3 [   D:8 ?

Annotations:
D:7 1 runed translucent door, kd29's ghost, novice TrSh
D:8 1 transporter, jestert79's ghost, novice MiSh


Innate Abilities, Weirdness & Mutations

You are mostly covered in large bone plates. (SH +6)
A weak demonic guardian rushes to your aid.
You regenerate health from kills.
Your touch may inflict irresistible damage on your foes.


Message History

The kobold demonologist is engulfed in a cloud of scalding steam.
Flame seeps out of the kobold demonologist.
The kobold demonologist mumbles some strange words.
Your white imp hits the soul eater but does no damage.
Unknown command.
Casting: Scorch (safe; 1% risk of failure)
Confirm with . or Enter, or press ? or * to list all spells.
Flames lash the orc warrior.
The orc warrior is moderately wounded.
The orc warrior's fire resistance burns away.
The soul eater hits you!
Your white imp gestures at the soul eater.
The puff of frost hits the soul eater.
The soul eater resists.
Unknown command.
Casting: Scorch (safe; 1% risk of failure)
Confirm with . or Enter, or press ? or * to list all spells.
Flames lash the orc warrior.
The orc warrior is burned terribly!
The orc warrior is heavily wounded.
The soul eater hits you! You partially resist.
You feel drained.
Your white imp hits the soul eater but does no damage.
Unknown command.
The soul eater hits you!
* * * LOW HITPOINT WARNING * * *
You partially resist.
You feel drained.
* * * LOW HITPOINT WARNING * * *
The kobold demonologist casts a spell.
Send 'em back where they came from!
Your white imp disappears in a puff of smoke!
The soul eater is no longer more vulnerable to fire.
The kobold demonologist is no longer more vulnerable to fire.
Unknown command.
Casting: Scorch (safe; 1% risk of failure)
Confirm with . or Enter, or press ? or * to list all spells.
Flames lash the orc warrior.
The orc warrior is moderately wounded.
The orc warrior's fire resistance burns away.
The soul eater hits you!
* * * LOW HITPOINT WARNING * * *
You partially resist.
You feel drained.
You die...

~.#..# #...# #..#.~≈≈≈≈≈≈≈
~.#..# #...# #..#.~≈≈≈≈≈≈≈
~)#..# #8.8# ##..#.~≈≈≈≈≈≈≈
~.#..#g #...# .#.)#.~≈≈≈≈≈≈≈
#'#'##'###8.8###'##'#'#≈≈≈≈≈≈≈
#....#!o.#...#.[.#....#≈≈≈≈≈≈≈
#....#!:.#...#o[[#....#≈≈≈≈≈≈≈
###..######.######..###≈≈≈≈≈≈≈
#.'........∩4.o3@...'.#≈≈≈≈≈≈≈
######~~~~~~~o☼K~######≈≈≈≈≈≈≈
≈≈≈≈≈≈≈≈≈≈§☼≈≈§≈≈≈≈≈≈≈≈≈≈≈≈≈
≈≈≈≈≈≈≈≈≈≈§≈≈≈≈≈≈≈≈≈≈≈
≈≈≈≈≈≈≈≈≈≈≈≈≈≈≈≈≈≈≈≈≈≈
≈≈≈≈≈≈≈≈≈≈≈≈≈≈≈≈≈≈≈≈≈≈
≈≈≈≈≈≈≈≈≈≈≈≈≈≈≈≈≈≈≈≈≈≈
######################


You could see a soul eater (summoned), a hellwing (summoned), a kobold
demonologist (inner flame), 2 orc warriors and an orc.

Vanquished Creatures
  An orc knight (Bailey)
  An orc sorcerer (Bailey)
  A wyvern (D:8)
  Grum (D:8)
  A water moccasin (Sewer)
  A sky beast (D:6)
  8 orc warriors
  An ice beast (D:3)
  2 black bears
  3 ogres
  3 wolves (D:8)
  A phantom (D:6)
  A centaur (D:8)
  2 bullfrogs
  4 wights (D:7)
  5 killer bees (D:8)
  3 electric eels (Bailey)
  8 hounds
  6 orc priests
  2 gnoll boudas
  2 jellies
  A sleepcap (D:6)
  Jessica (D:3)
  5 iguanas
  Ijyb (D:3)
  4 orc wizards
  13 gnolls
  5 adders
  A shadow imp (D:7)
  A white imp (D:6)
  A dart slug (D:5)
  23 orcs
  8 endoplasms
  4 giant cockroaches
  19 goblins
  5 hobgoblins
  2 jackals (Sewer)
  2 quokkas (D:4)
  7 ball pythons
  4 frilled lizards
  5 kobolds
  2 rats
171 creatures vanquished.

Vanquished Creatures (collateral kills)
  A scorpion (D:4)
  A goblin (D:8)
  A bat (D:2)
3 creatures vanquished.

Vanquished Creatures (others)
  550 foxfires
550 creatures vanquished.

Grand Total: 724 creatures vanquished

Notes
Turn   | Place    | Note
-------+----------+-------------------------------------------
     0 | D:1      | Ekaitz the Demonspawn Fire Elementalist began the quest for
                  | the Orb.
     0 | D:1      | Reached XP level 1. HP: 13/13 MP: 3/3
   356 | D:1      | Reached skill level 3 in Fire Magic
   356 | D:1      | Gained mutation: Your touch may inflict minor irresistible
                  | damage on your foes. [demonic ancestry]
   356 | D:1      | Reached XP level 2. HP: 19/19 MP: 3/5
   368 | D:1      | Learned a level 2 spell: Scorch
  1086 | D:2      | Gained mutation: A weak demonic guardian rushes to your
                  | aid. [demonic ancestry]
  1086 | D:2      | Reached XP level 3. HP: 25/25 MP: 0/6
  1090 | D:2      | Learned a level 3 spell: Inner Flame
  1878 | D:3      | Found an ornate altar of the Wu Jian Council.
  2001 | D:3      | Noticed an ice beast
  2016 | D:3      | Killed an ice beast
  2017 | D:3      | Reached skill level 1 in Fighting
  2017 | D:3      | Reached skill level 1 in Hexes
  2017 | D:3      | Reached XP level 4. HP: 32/32 MP: 0/7
  2017 | D:3      | Gained mutation: You are partially covered in large bone
                  | plates. (SH +4) [demonic ancestry]
  2017 | D:3      | Reached XP level 5. HP: 37/37 MP: 0/8
  2025 | D:3      | Learned a level 3 spell: Volatile Blastmotes
  2101 | D:3      | Found a basalt altar of Yredelemnul.
  2106 | D:3      | Noticed Jessica
  2109 | D:3      | Killed Jessica
  2279 | D:3      | Found a faded altar of an unknown god.
  2295 | D:3      | Noticed Ijyb
  2303 | D:3      | Killed Ijyb
  2304 | D:3      | Reached skill level 4 in Fire Magic
  2442 | D:3      | Found Fufe's Antique Armour Shoppe.
  2684 | D:4      | Noticed an ogre
  2692 | D:4      | Killed an ogre
  2693 | D:4      | Gained mutation: You regenerate a little health from kills.
                  | [demonic ancestry]
  2693 | D:4      | Reached XP level 6. HP: 44/44 MP: 0/10
  2772 | D:4      | Found an iron altar of Okawaru.
  2875 | D:4      | Reached skill level 1 in Translocations
  3154 | D:4      | Found a snail-covered altar of Cheibriados.
  3159 | D:4      | Found a sparkling altar of Nemelex Xobeh.
  3425 | D:4      | Found a shimmering blue altar of Sif Muna.
  3444 | D:4      | Became a worshipper of Sif Muna the Loreminder
  3677 | D:4      | Gained mutation: You are mostly covered in large bone
                  | plates. (SH +6) [demonic ancestry]
  3677 | D:4      | Reached XP level 7. HP: 51/51 MP: 11/11
  3829 | D:5      | Entered Level 5 of the Dungeon
  4270 | D:5      | Reached * piety under Sif Muna
  4441 | D:5      | Found a bloodstained altar of Trog.
  4525 | D:5      | Reached skill level 5 in Fire Magic
  4696 | D:5      | Reached skill level 1 in Invocations
  5020 | D:6      | Found a staircase to the Ecumenical Temple.
  5054 | D:6      | Reached XP level 8. HP: 58/58 MP: 6/13
  5082 | D:6      | Learned a level 4 spell: Flame Wave
  5105 | D:6      | Found a glowing drain.
  5315 | Sewer    | Entered a sewer
  5861 | D:6      | Identified the amulet "Qoew" {Acrobat rF+ rN+}
  6018 | D:6      | Reached skill level 1 in Short Blades
  6100 | D:6      | Reached skill level 6 in Fire Magic
  6180 | D:6      | Reached skill level 1 in Shields
  6797 | D:7      | Found a runed translucent door.
  6798 | D:7      | Noticed kd29's ghost (novice TrSh)
  6902 | D:7      | Reached ** piety under Sif Muna
  6903 | D:7      | Gained mutation: Your touch may inflict irresistible damage
                  | on your foes. [demonic ancestry]
  6903 | D:7      | Reached XP level 9. HP: 65/65 MP: 3/16
  7313 | D:7      | Found a sacrificial altar of Ru.
  7598 | D:8      | Found Fouhuar's Magic Scroll Shop.
  7606 | D:8      | Found a transporter.
  7613 | D:8      | Bought a scroll of identify for 32 gold pieces
  7619 | D:8      | Reached skill level 5 in Spellcasting
  7664 | D:8      | Noticed Grum
  7677 | D:8      | Noticed jestert79's ghost (novice MiSh)
  7693 | D:8      | Killed Grum
  7740 | D:8      | Found a flagged portal.
  7851 | Bailey   | Entered a bailey
  8027 | Bailey   | Reached *** piety under Sif Muna
  8154 | Bailey   | Reached skill level 7 in Fire Magic
  8444 | Bailey   | Gained mutation: You regenerate health from kills. [demonic
                  | ancestry]
  8444 | Bailey   | Reached XP level 10. HP: 73/73 MP: 18/18
  8472 | Bailey   | Noticed an orc knight
  8477 | Bailey   | Killed an orc knight
  8622 | Bailey   | Found an iron altar of Okawaru.
  8624 | Bailey   | Noticed an orc sorcerer
  8630 | Bailey   | Noticed an orange demon
  8632 | Bailey   | Noticed a rust devil
  8633 | Bailey   | Noticed a rust devil
  8640 | Bailey   | Killed an orc sorcerer
  8808 | Bailey   | Noticed a soul eater
  8809 | Bailey   | Noticed an orange demon
  8823 | Bailey   | HP: 1/69 [soul eater[a kobold demonologist] (16)]
  8823 | Bailey   | Slain by a soul eater

Illustrated notes

Levels and vault maps discovered:
D:1:      lemuel_arrival_rhombus, layout_basic
D:2:      layout_loops_ring
D:3:      layout_rooms, nicolae_wu_jian_immortal_techniques,
          overflow_temple_1_default, serial_shops, shop,
          dreamdust_ecumenical_altar_statues, minivault_14,
          amcnicky_mini_corridor_feature, hangedman_decor_clover_reticule,
          kennysheep_flooded_box, uniq_ijyb, uniq_jessica
D:4:      layout_basic, mainiacjoe_overflow_chevrons, okawaru_metal_pillars_3,
          minitemple
D:5:      layout_loops_cross, lemuel_doored_altar, grunt_decor_clamped
D:6:      layout_basic, minmay_temple_entry_mini_moons, portal_sewer_entry_e
D:7:      layout_loops_ring, mainiacjoe_overflow_two_lobes,
          gammafunk_ghost_grave
D:8:      layout_basic, gammafunk_ghost_smash, serial_shops, shop,
          enter_bailey_5, minmay_microvault, uniq_grum, uniq_joseph
Bailey:   bailey_axe_of_yendor_kennysheep, bailey

Skill      XL: |  1  2  3  4  5  6  7  8  9 10 |
---------------+-------------------------------+-----
Stealth        | 2 3 |  3.0
Fire Magic     | 3 4 5 6 7 |  7.7
Fighting       | 1 2 3 4 |  4.9
Dodging        | 2 3 |  3.3
Hexes          | 1 2 3 4 |  4.9
Spellcasting   | 3 4 5 |  5.7
Conjurations   | 2 3 |  3.7
Translocations | 1 2 4 |  4.3
Invocations    | 1 3 4 |  4.9
Short Blades   | 1 |  1.3
Shields        | 1 |  1.7

Action                     |  1- 3 |  4- 6 |  7- 9 | 10-12 || total
---------------------------+-------+-------+-------+-------++-------
  Melee: Dagger            |    21 |    27 |   127 |     1 ||   176
         Touch             |     2 |     5 |    21 |       ||    28
         Punch             |       |       |     1 |       ||     1
   Cast: Foxfire           |    37 |    41 |   218 |    15 ||   311
         Scorch            |       |    14 |    46 |    18 ||    78
         Inner Flame       |       |     1 |     5 |     8 ||    14
         Volatile Blastmot |       |       |     5 |     1 ||     6
 Invoke: Channel Magic     |       |       |       |     1 ||     1
   Stab: Sleeping          |     2 |     3 |     4 |     1 ||    10
 Armour: Robe              |    10 |    22 |   133 |    15 ||   180
  Dodge: Dodged            |    13 |    22 |   161 |     9 ||   205
  Block: Other             |       |     6 |    61 |     2 ||    69

Table legend: (Time is in decaauts)
 A = Elapsed time spent in this place.
 B = Non-inter-level travel time spent in this place.
 C = Inter-level travel time spent in this place.
 D = Time resting spent in this place.
 E = Time spent auto-exploring this place.
 F = Levels seen in this place.
 G = Mean time per level.
                   A        B        C        D        E       F      G
               +--------+--------+--------+--------+--------+-----+--------+
         Total |   8840 |   8640 |    200 |    505 |   6338 |  10 |  884.0 |
       Dungeon |   7654 |   7454 |    200 |    306 |   5812 |   8 |  956.8 |
         Sewer |    211 |    211 |      0 |      0 |    171 |   1 |  211.0 |
        Bailey |    975 |    975 |      0 |    199 |    354 |   1 |  975.0 |
               +--------+--------+--------+--------+--------+-----+--------+

Top non-repeatable levels by time:
     D:4: 1307 daAuts
     D:6: 1304 daAuts
     D:7: 1084 daAuts
     D:1: 1075 daAuts
     D:5: 1071 daAuts
  Bailey: 975 daAuts
     D:3: 826 daAuts
     D:2: 729 daAuts
     D:8: 255 daAuts
   Sewer: 211 daAuts
